 Dungeon Crawl Stone Soup version 0.18.1-6-gd335043 (webtiles) character file.

189 Jerry the Twirler (level 5, -7/41 HPs)
             Began as a Demigod Gladiator on May 17, 2016.
             Mangled by an ice beast (14 damage)
             ... on level 6 of the Dungeon.
             The game lasted 00:09:01 (2877 turns).

Jerry the Twirler (Demigod Gladiator)               Turns: 2877, Time: 00:09:01

Health: -7/41      AC:  7    Str: 20    XL:     5   Next: 16%
Magic:  7/7        EV: 12    Int: 12    God:
Gold:   169        SH:  0    Dex: 16    Spells: 0 memorised, 4 levels left

rFire  . . .     SeeInvis .     a - +0 quarterstaff
rCold  . . .     Gourm    .     w - +0 ring mail
rNeg   . . .     Faith    .     (shield currently unavailable)
rPois  .         Spirit   .     c - +0 helmet
rElec  .         Dismiss  .     t - +0 cloak
rCorr  .         Reflect  .     (no gloves)
SustAt +         Harm     .     (no boots)
MR     .....                    (no amulet)
Stlth  ..........               (no ring)
                                s - ring of loudness (curse)

@: not resistant to hostile enchantments, extremely unstealthy
A: high mp 1, sustain attributes
a: no special abilities


You were on level 6 of the Dungeon.
You were not hungry.

You visited 1 branch of the dungeon, and saw 6 of its levels.

You collected 169 gold pieces.

Inventory:

Hand Weapons
 a - a +0 quarterstaff (weapon)
Missiles
 u - 75 stones (quivered)
Armour
 b - a +0 leather armour
 c - a +0 helmet (worn)
 t - a +0 cloak (worn)
 w - a +0 ring mail (worn)
Jewellery
 s - a cursed ring of loudness (left hand)
Scrolls
 e - 4 scrolls of identify {unknown}
 g - a scroll of fog {unknown}
 h - a scroll of recharging {unknown}
 i - 2 scrolls of fear {unknown}
 p - a scroll of noise {unknown}
 v - a scroll of blinking {unknown}
Potions
 k - a potion of lignification {unknown}
 l - 2 potions of degeneration {unknown}
 m - a potion of magic {unknown}
 o - 2 potions of agility {unknown}
 r - a potion of flight {unknown}
 z - a potion of mutation {unknown}
Comestibles
 f - 3 bread rations
 j - a meat ration
 n - a beef jerky
 q - a slice of pizza


   Skills:
 - Level 1.7 Fighting
 + Level 4.4 Staves
 - Level 1.7 Throwing
 + Level 3.1 Armour
 - Level 2.6 Dodging


You had 4 spell levels left.
You didn't know any spells.

Dungeon Overview and Level Annotations

Branches:
Dungeon (7/15)
 Temple: D:4-7

Shops:
D:4 :


Innate Abilities, Weirdness & Mutations

You have an increased reservoir of magic (+10% MP).
Your attributes are resistant to harm.


Message History

Press: ? - help, Shift-Dir - straight line, f - ice beast
Aim: an ice beast You throw a throwing net.
The throwing net barely misses the ice beast.
The ice beast hits you but does no damage.
Throwing (i - inventory. (,) - cycle):
d - 2 throwing nets (quivered)
Press: ? - help, Shift-Dir - straight line, f/p - ice beast
Aim: an ice beast You throw a throwing net.
The throwing net closely misses the ice beast.
The ice beast barely misses you.
Throwing (i - inventory. (,) - cycle):
d - a throwing net (quivered)
Press: ? - help, Shift-Dir - straight line, f/p - ice beast
Aim: an ice beast You throw a throwing net.
The throwing net closely misses the ice beast.
The ice beast hits you.
* * * LOW HITPOINT WARNING * * *
The ice beast freezes you!
You die...

...# .(# #
#.# #.#.## #
#.#..###.#
#...[....####
#.)>......)
#Y#....Y...
#@#........
#.#########
#.# #.# #.#
#.# #.# #..


You could see an ice beast.

Vanquished Creatures
  A centaur (D:6)
  4 adders
  An ooze (D:3)
  A dart slug (D:2)
  3 giant geckos
  An orc (D:3)
  A ball python (D:2)
  2 giant cockroaches (D:2)
  9 goblins
  6 hobgoblins
  4 jackals (D:1)
  9 kobolds
  A quokka (D:3)
  6 bats
  5 giant newts
  5 rats
59 creatures vanquished.

Notes
Turn   | Place    | Note
--------------------------------------------------------------
     0 | D:1      | Jerry the Demigod Gladiator began the quest for the Orb.
     0 | D:1      | Reached XP level 1. HP: 17/17 MP: 3/3
   225 | D:1      | Reached skill level 3 in Staves
   291 | D:1      | Reached XP level 2. HP: 15/24 MP: 4/4
   331 | D:1      | Reached skill level 1 in Armour
  1090 | D:2      | Reached XP level 3. HP: 25/29 MP: 5/5
  2161 | D:3      | Reached XP level 4. HP: 34/36 MP: 6/6
  2204 | D:3      | Found a faded altar to an unknown god.
  2683 | D:3      | Reached skill level 4 in Staves
  2734 | D:3      | Found a glowing golden altar of the Shining One.
  2800 | D:4      | Found Douc's Book Shoppe.
  2848 | D:4      | You fall through a shaft for 3 floors!
  2859 | D:6      | Noticed an ice beast
  2859 | D:6      | Noticed a centaur
  2873 | D:6      | Killed a centaur
  2873 | D:6      | Reached XP level 5. HP: 10/41 MP: 7/7
  2877 | D:6      | Mangled by an ice beast

Skill      XL: |  1  2  3  4 |
---------------+-------------+-----
Staves         | 3 4 |  4.4
Armour         | 1 2 3 |  3.1
Fighting       | |  1.7
Throwing       | |  1.7
Dodging        | |  2.6

Action                   |  1- 3 |  4- 6 || total
-------------------------+-------+-------++-------
Melee: Quarterstaff      |   150 |    33 ||   183
Throw: Throwing net      |       |     3 ||     3
  Use: Potion            |     1 |       ||     1
  Eat: Chunk             |     4 |     2 ||     6
Armor: Leather armour    |    40 |     8 ||    48
       Ring mail         |       |     1 ||     1
Dodge: Dodged            |   107 |    29 ||   136
